 Dungeon Crawl Stone Soup version 0.30-a0-808-g6e0788376e (webtiles) character file.

Game seed: 1729655427321891168

25 cforsyth the Sneak (level 3, 0/22 HPs)
             Began as a Kobold Brigand on Feb 26, 2023.
             Succumbed to an adder's poison
             ... on level 2 of the Dungeon.
             The game lasted 00:00:50 (909 turns).

cforsyth the Sneak (Kobold Brigand)                  Turns: 909, Time: 00:00:51

Health: 0/22       AC:  3    Str:  8    XL:     3   Next: 17%
Magic:  3/3        EV: 15    Int: 12    God:
Gold:   54         SH:  0    Dex: 18    Spells: 2/2 levels left

rFire   . . .      SeeInvis .    a - +2 dagger
rCold   . . .      Faith    .    (no shield)
rNeg    . . .      Spirit   .    b - +0 robe
rPois   .          Reflect  .    (no helmet)
rElec   .          Harm     .    c - +0 cloak
rCorr   .          Rampage  .    (no gloves)
Will    .....                    (no boots)
Stlth   ++++                     (no amulet)
HPRegen 0.23/turn                (no ring)
MPRegen 0.08/turn                (no ring)

@: lethally poisoned (0 -> -5), attractive
A: small, no large weapons, nightstalker 3
a: no special abilities


You were on level 2 of the Dungeon.
You visited 1 branch of the dungeon, and saw 2 of its levels.

You collected 54 gold pieces.

Inventory:

Hand Weapons
 a - a +2 dagger (weapon)
Missiles
 d - 9 poisoned darts (quivered)
 e - 3 curare-tipped darts
Armour
 b - a +0 robe (worn)
 c - a +0 cloak (worn)
Scrolls
 f - 2 scrolls of blinking {unknown}
 g - 3 scrolls of summoning {unknown}
 h - 2 scrolls of acquirement {unknown}
 j - a scroll of enchant armour {unknown}
 k - a scroll of brand weapon {unknown}
 m - a scroll of enchant weapon {unknown}
Potions
 i - a potion of heal wounds {unknown}
 l - a potion of mutation {unknown}


   Skills:
 + Level 2.6 Fighting
 + Level 3.2 Short Blades
 - Level 2.1 Throwing
 + Level 2.0 Dodging
 + Level 5.7 Stealth


You had 2 spell levels left.
You didn't know any spells.
Your spell library contained the following spells:

 Spells                   Type           Power      Damage    Failure   Level
 Magic Dart               Conj           0%         1d3       32%         1
 Call Imp                 Summ           0%         N/A       45%         2
 Mephitic Cloud           Conj/Pois/Air  0%         N/A       69%         3


Dungeon Overview and Level Annotations

Branches:
Dungeon (2/15)

Altars:


Innate Abilities, Weirdness & Mutations

You are small and have problems with some larger weapons.
You are completely attuned to the shadows.


Message History

The adder poisons you!
You hit the adder but do no damage.
You feel sick. The adder barely misses you.
You closely miss the adder. The adder misses you.
You hit the adder.
The adder is moderately wounded.
You feel sick. The adder barely misses you. The kobold hits you with a +0 whip.
You closely miss the adder.
The adder is moderately wounded.
You feel sick. The adder misses you. The kobold closely misses you.
You closely miss the adder.
The adder is lightly wounded.
You feel sick. The adder bites you.
You are more poisoned.
The adder poisons you! The kobold closely misses you.
You are too injured to fight recklessly!
You are too injured to fight recklessly!
You are too injured to fight recklessly!
You are too injured to fight recklessly!
You are too injured to fight recklessly!
You are too injured to fight recklessly!
You are too injured to fight recklessly!
You are too injured to fight recklessly!
Found a faded altar of an unknown god.
You feel sick. The kobold attacks as you move away!
The kobold closely misses you. The adder attacks as you move away!
The adder completely misses you.
You feel sick. The adder closely misses you.
The adder attacks as you move away! The adder bites you.
* * * LOW HITPOINT WARNING * * *
You are lethally poisoned!
The adder poisons you!
* * * LOW HITPOINT WARNING * * *
You feel very sick.
There is a shaft here.
The adder attacks as you move away! The adder barely misses you.
* * * LOW HITPOINT WARNING * * *
You feel sick.
There is a faded altar of an unknown god here.
It was a potion of attraction.
You feel attractive to monsters.
You die...

#####....#######.#####
#....# #.#
######....#######.#
.........##.......#
###
.........####.###.#
#..
..................#
#..
...?.#K#.####.#####
#.. .....#S#.#
#.#######.. .....#@#
#......##.. .....###
######.##.. ######
#.....##.. #.###.####
#(# #.# .####.# #.#
......# #.# ......#
### ......#


You could see an adder and a kobold.

Vanquished Creatures
  An adder (D:2)
  2 endoplasms (D:2)
  A hobgoblin (D:1)
  A quokka (D:2)
  2 bats
  2 frilled lizards (D:1)
  2 goblins
  5 kobolds
16 creatures vanquished.

Notes
Turn   | Place    | Note
-------+----------+-------------------------------------------
     0 | D:1      | cforsyth the Kobold Brigand began the quest for the Orb.
     0 | D:1      | Reached XP level 1. HP: 12/12 MP: 1/1
   338 | D:1      | Reached XP level 2. HP: 18/18 MP: 2/2
   730 | D:2      | Reached XP level 3. HP: 16/22 MP: 3/3
   905 | D:2      | Found a faded altar of an unknown god.
   908 | D:2      | HP: 1/22 [poisoned by an adder]
   909 | D:2      | Succumbed to an adder's poison

Illustrated notes

Levels and vault maps discovered:
D:1:      dpeg_arrival_more_subterranean_lakeside_camping, layout_basic
D:2:      layout_basic, hellmonk_ecumenical_altar_leap_of_faith,
          minmay_tetromino_o4, uniq_crazy_yiuf_cottage

Skill      XL: |  1  2 |
---------------+-------+-----
Short Blades   | 3 |  3.2
Dodging        | 2 |  2.0
Fighting       | |  2.6
Throwing       | |  2.1
Stealth        | |  5.7

Action                     || total
---------------------------++-------
  Melee: Dagger            ||    47
    Use: Potion            ||     1
   Stab: Sleeping          ||    10
 Armour: Robe              ||    13
  Dodge: Dodged            ||    38

Table legend: (Time is in decaauts)
 A = Elapsed time spent in this place.
 B = Non-inter-level travel time spent in this place.
 C = Inter-level travel time spent in this place.
 D = Time resting spent in this place.
 E = Time spent auto-exploring this place.
 F = Levels seen in this place.
 G = Mean time per level.
                   A        B        C        D        E       F      G
               +--------+--------+--------+--------+--------+-----+--------+
         Total |    901 |    874 |     27 |      0 |    740 |   2 |  450.5 |
       Dungeon |    901 |    874 |     27 |      0 |    740 |   2 |  450.5 |
               +--------+--------+--------+--------+--------+-----+--------+

Top non-repeatable levels by time:
     D:1: 651 daAuts
     D:2: 250 daAuts
